 Seeded DCSS version 0.28-a0-1567-g1695149f81 (webtiles) character file.

Game seed: 134 (custom seed)

9 knot the Chopper (level 2, 24/24 HPs)
             Began as a Demonspawn Berserker on Jan 19, 2022.
             Was a Follower of Trog.
             Quit the game on level 2 of the Dungeon.
             The game lasted 00:00:28 (618 turns).

knot the Chopper (Demonspawn Berserker)              Turns: 618, Time: 00:00:28

Health: 24/24      AC:  2    Str: 17    XL:     2   Next: 3%
Magic:  2/2        EV: 12    Int:  8    God:    Trog [*.....]
Gold:   15         SH:  0    Dex: 12    Spells: 1/1 levels left

rFire   . . .      SeeInvis .   d - +0 war axe
rCold   . . .      Faith    .   (no shield)
rNeg    . . .      Spirit   .   b - +0 animal skin
rPois   .          Reflect  .   (no helmet)
rElec   .          Harm     .   (no cloak)
rCorr   .          Rampage  .   (no gloves)
Will    .....                   (no boots)
Stlth   +.........              (no amulet)
HPRegen 0.08/turn               (no ring)
MPRegen 0.08/turn               (no ring)

@: no status effects
A: weakness stinger 1
a: Renounce Religion, Berserk


You were on level 2 of the Dungeon.
You worshipped Trog.
Trog was aware of your devotion.
You visited 1 branch of the dungeon, and saw 2 of its levels.

You collected 15 gold pieces.

Inventory:

Hand Weapons
 d - a +0 war axe (weapon)
Missiles
 f - 26 stones (quivered)
 i - 3 javelins
 j - 4 poisoned darts
Armour
 b - a +0 animal skin (worn)
Scrolls
 c - 2 scrolls of enchant weapon {unknown}
 e - a scroll of immolation {unknown}
 g - a scroll of blinking {unknown}
 h - 3 scrolls of identify {unknown}
Potions
 a - a potion of ambrosia {unknown}


   Skills:
 - Level 3.0 Fighting
 + Level 3.2 Axes
 - Level 1.7 Armour
 - Level 1.7 Dodging


You had one spell level left.
You didn't know any spells.
Your spell library was empty.

Dungeon Overview and Level Annotations

Branches:
Dungeon (2/15)

Altars:


Innate Abilities, Weirdness & Mutations

You have a small tail.


Message History

As you open the door, it creaks loudly!
There is an open door here.
There is a faded altar of an unknown god here.
You open the door.
There is an open door here.
Key pressed, stopping explore.
No target in view!
No target in view!
There is an open door here.
You see here a +0 leather armour.
Done exploring.
No target in view!
No target in view!
Done exploring.
No target in view!
Done exploring.
Done exploring.
No target in view!
Done exploring.
Done exploring.
(D) Dungeon
Where to? (Enter - D:1 @ (x,y), ? - help)
There is a stone staircase leading down here.
You climb downwards.
There is a stone staircase leading up here.
j - 4 poisoned darts No target in view!
h - 3 scrolls labelled XABREC OFUGO (gained 1)
A bat comes into view.
The bat barely misses you.
A bat is nearby!
You barely miss the bat. The bat hits you but does no damage. x2
The bat barely misses you.
You slash the bat!
You kill the bat!
Trog accepts your kill.
You have reached level 2!
Your demonic ancestry asserts itself...
You grow a small tail.
Are you sure you want to abandon this character and quit the game? (Confirm with "yes".)

♣♣♣♣♣♣ ♣♣♣♣♣♣
♣....♣♣♣♣♣♣♣....♣♣♣♣♣♣♣.
.♣♣♣....♣♣...♣♣.@.......
♣♣ ♣♣♣♣...♣♣♣♣♣♣♣♣♣♣♣...
♣♣♣♣♣


There were no monsters in sight!

Vanquished Creatures
  3 bats
  2 endoplasms (D:1)
  A giant cockroach (D:1)
  A frilled lizard (D:1)
  A rat (D:1)
8 creatures vanquished.

Notes
Turn   | Place    | Note
-------+----------+-------------------------------------------
     0 | D:1      | knot the Demonspawn Berserker began the quest for the Orb.
     0 | D:1      | Reached XP level 1. HP: 18/18 MP: 1/1
   335 | D:1      | Found a faded altar of an unknown god.
   618 | D:2      | Gained mutation: You have a small tail. [demonic ancestry]
   618 | D:2      | Reached XP level 2. HP: 24/24 MP: 2/2
   618 | D:2      | Quit the game

Illustrated notes

Levels and vault maps discovered:
D:1:      minmay_arrival_widening_spiral_wide, layout_basic,
          basic_ecumenical_altar, hangedman_decor_opposing
D:2:      kb_forest_paths, layout_basic, serial_shops,
          nicolae_shop_bloodbath_and_beyond, uniq_terence

Skill      XL: |  1 |
---------------+----+-----
Axes           | 3 |  3.2
Fighting       | |  3.0
Armour         | |  1.7
Dodging        | |  1.7

Action                   || total
-------------------------++-------
Melee: War axe           ||    17
       Hand axe          ||     3
       Punch             ||     1
Armor: Animal skin       ||    12
Dodge: Dodged            ||    13

Table legend: (Time is in decaauts)
 A = Elapsed time spent in this place.
 B = Non-inter-level travel time spent in this place.
 C = Inter-level travel time spent in this place.
 D = Time resting spent in this place.
 E = Time spent auto-exploring this place.
 F = Levels seen in this place.
 G = Mean time per level.
                   A        B        C        D        E       F      G
               +--------+--------+--------+--------+--------+-----+--------+
         Total |    623 |    610 |     13 |     87 |    447 |   2 |  311.5 |
       Dungeon |    623 |    610 |     13 |     87 |    447 |   2 |  311.5 |
               +--------+--------+--------+--------+--------+-----+--------+

Top non-repeatable levels by time:
     D:1: 580 daAuts
     D:2: 43 daAuts
